[Event "*** Titled Tuesday Blitz"]
[Site "Chess.com"]
[Date "2021.03.30"]
[Round "4"]
[White "Aradhya2000"]
[Black "MasterMK73"]
[Result "1-0"]
[WhiteElo "2572"]
[BlackElo "2276"]
[TimeControl "180+1"]
[EndTime "10:40:19 PDT"]
[Termination "Aradhya2000 won by resignation"]

1. d4 d5 2. c4 e6 3. Nc3 c6 4. e3 Nf6 5. Nf3 Nbd7 6. g3 Bd6 7.
Nd2 O-O 8. Bg2 Qe7 9. O-O Bc7 10. e4 dxc4 11. Nxc4 e5 12. d5 Ne8 13. b3 a6 14. dxc6 bxc6 15. Ba3 c5 16. Nd5 Qd8 17. b4 Bd6 18. bxc5 Bxc5 19. Bxc5 Nxc5 20. Nxe5 Bb7 21.
Rc1 Ne6 22. Nc6 Bxc6 23. Rxc6 Nf6 24. Rd6 Qe8 25. Nxf6+ gxf6 26. Qg4+ Kh8 27. Rfd1 Qe7 28. Rd7 Qb4 29. Qf5 Qb2 30. R7d2 Qe5 31. f4 Qc5+ 32.
Qxc5 Nxc5 33. e5 Rae8 34. exf6 Re6 35. Rd8 Ree8 36. R8d6 Re6 37. Rxe6 fxe6 38. Rc1 Nd7 39. Rc6 Rxf6 40. Rxa6 Nf8 41. a4 Rf7 42. a5 Kg7 43.
Rb6 Nd7 44. Rb7 Nc5 45. Rxf7+ Kxf7 46. Kf2 Ke7 47. Ke3 Kd6 48. Bf1 Kc6 49. Bd3 h6 50. h4 Nd7 51. g4 Nf6 52. g5 Nd5+ 53. Kf3 h5 54. g6 Ne7 55. g7 Ng8 56. Bh7 Nf6 57.
g8=Q Nxg8 58. Bxg8 1-0

[Event "*** Titled Tuesday Blitz"]
[Site "Chess.com"]
[Date "2021.03.30"]
[Round "4"]
[White "Soltan49"]
[Black "CSB7"]
[Result "0-1"]
[WhiteElo "2240"]
[BlackElo "2670"]
[TimeControl "180+1"]
[EndTime "10:40:20 PDT"]
[Termination "CSB7 won by resignation"]

1. Nf3 d5 2. e3 Nf6 3. c4 c6 4. b3 Bg4 5. Bb2 e6 6. d4 Ne4 7. c5 b6 8. b4 a5 9. a3 axb4 10.
axb4 Rxa1 11. Bxa1 bxc5 12. dxc5 Bxc5 13. Qa4 Qb6 14.
b5 O-O 15. Bd3 cxb5 16. Bxb5 Nd7 17. O-O Ndf6 18. Ne5 Bf5 19. Nd3 Bxe3 20. fxe3 Qxe3+ 21. Kh1 Ng4 22. Bd4 Qh6 23. h3 Ng3+ 24. Kg1 Ne2+ 25.
Kh1 Ng3+ 26. Kg1 Nxf1 27. Kxf1 Ne3+ 28. Kf2 Nc4 29. Bxc4 dxc4 30. Qxc4 Qg6 31. Ne5 Qg5 32. Nc3 Qd2+ 33. Kg3 f6 34. Nf3 Qh6 35. Bc5 Rc8 36.
Qb4 Qg6+ 37. Kh2 Qf7 38. Nb5 Qb7 39. Nd6 Qxb4 40. Bxb4 Rb8 41. Ba3 Bg6 42. Nc4 e5 43. Ne3 Bf7 44. Bc5 Rc8 45. Nf5 Rxc5 46. Ne7+ Kf8 47.
Nf5 Rc7 48. Nd6 Rd7 49. Nf5 Bd5 50. Ne3 Bxf3 51. gxf3 Rd3 52. Nf5 Rxf3 53. Kg2 Ra3 54. Nd6 Ke7 55. Ne4 Ra2+ 56. Kg3 f5 57. Nc5 Kf6 58.
Nb3 Ra3 59. Kf2 Rxb3 0-1

[Event "*** Titled Tuesday Blitz"]
[Site "Chess.com"]
[Date "2021.03.30"]
[Round "4"]
[White "BvsN"]
[Black "RamyresCoelho"]
[Result "1-0"]
[WhiteElo "2392"]
[BlackElo "2166"]
[TimeControl "180+1"]
[EndTime "10:40:20 PDT"]
[Termination "BvsN won by resignation"]

1. c4 Nf6 2. Nc3 g6 3. e4 Bg7 4. d4 d6 5. Nge2 e5 6. dxe5 dxe5 7. Qxd8+ Kxd8 8. Bg5 c6 9. O-O-O+ Kc7 10. f4 Nbd7 11.
fxe5 Nxe5 12. Bf4 Nh5 13. Kc2 Nxf4 14. Nxf4 Ng4 15. Rd2 g5 16. Nd3 Be6 17. Nc5 Ne3+ 18. Kb1 Bxc4 19. Bxc4 Nxc4 20. Rd7+ Kb6 21. N3a4+ Kb5 22.
Rxb7+ Nb6 23. b3 Bd4 24. Rc1 Rab8 25. Rxa7 Nxa4 26. bxa4+ Kb6 27. Ra6+ Kc7+ 28. Nb3 c5 29. Kc2 Rhe8 30. Kd3 Kb7 31. Rh6 Rbc8 32. Nxd4 cxd4 33. Rxc8 Rxc8 34. Rxh7 Rc7 35. Rg7 Rc3+ 36. Kxd4 Ra3 37. Rxg5 Rxa4+ 38. Ke5 Rxa2 39. h4 Ra6 40. Kf5 Rh6 41. h5 Ra6 42. g4 Re6 43. Rg7 Re7 44. g5 Kc6 45. g6 fxg6+ 46. Kxg6 Rxe4 47. h6 Rg4+ 48. Kf5 Rh4 49. Kg6 Rg4+ 50. Kh7 Rh4 51.
Rg6+ Kd7 52. Kg7 Re4 53. h7 Re7+ 54. Kh6 Re8 55. Rg8 Re6+ 56. Kg5 Re5+ 57. Kf4 Re7 58. h8=Q Rf7+ 59. Ke4 Re7+ 60. Kd4 Rf7 61. Rg7 Re7 62. Rxe7+ Kxe7 63. Qh6 Kf7 64. Ke5 Ke7 65. Qg7+ Ke8 66. Ke6 1-0

[Event "*** Titled Tuesday Blitz"]
[Site "Chess.com"]
[Date "2021.03.30"]
[Round "4"]
[White "DKmirl"]
[Black "Loy_Konstantin"]
[Result "0-1"]
[WhiteElo "2036"]
[BlackElo "2316"]
[TimeControl "180+1"]
[EndTime "10:40:20 PDT"]
[Termination "Loy_Konstantin won by checkmate"]

1. d4 Nf6 2. c4 c5 3. Nf3 cxd4 4. Nxd4 e5 5. Nf3 Nc6 6. Nc3 Bb4 7. Bd2 O-O 8. g3 Re8 9. a3 Bxc3 10. Bxc3 d5 11. cxd5 Nxd5 12. Bg2 Nxc3 13. bxc3 Qa5 14. Qc2 Bf5 15.
Qb2 Nd4 16. O-O Qxc3 17. Qxb7 Nxe2+ 18. Kh1 Qc8 19. Qxc8 Raxc8 20. Rfe1 Nd4 21. Rxe5 Rxe5 22. Nxe5 Nc2 23. Rc1 Nxa3 24. Rxc8+ Bxc8 25. Be4 Be6 26. Nc6 a5 27. Nxa5 h6 28. Nc6 Nc4 29. Ne7+ Kf8 30.
Nf5 Bxf5 31. Bxf5 Ke7 32. Kg2 Kf6 33. Bd3 Ne5 34. Bf1 Nc6 35. Bb5 Nd4 36. Bf1 Ke5 37. f4+ Kd6 38. Bc4 f6 39. Kf2 Kc5 40. Be2 Nf5 41.
Bg4 Nd6 42. h4 Kd4 43. Bf3 Ne4+ 44. Bxe4 Kxe4 45. Ke2 h5 46. Kf2 Kd3 47. Kf3 f5 48.
Kf2 Kd2 49. Kf3 Ke1 50. Kg2 Ke2 51. Kg1 Kf3 52. Kh2 Kf2 53. Kh3 Kg1 54. g4 hxg4+ 55. Kg3 Kf1 56. h5 Ke2 57. Kh4 Kf3 58. h6 gxh6 59.
Kh5 Kxf4 60. Kxh6 g3 61. Kh5 g2 62. Kh4 g1=Q 63. Kh5 Qg5# 0-1

[Event "*** Titled Tuesday Blitz"]
[Site "Chess.com"]
[Date "2021.03.30"]
[Round "4"]
[White "bait_or_mate"]
[Black "kingofthenil"]
[Result "1-0"]
[WhiteElo "2534"]
[BlackElo "2739"]
[TimeControl "180+1"]
[EndTime "10:40:21 PDT"]
[Termination "bait_or_mate won by resignation"]

1. d4 e5 2. c4 exd4 3. Qxd4 Nc6 4. Qd3 Nf6 5. Nc3 Bb4 6. g3 O-O 7. Bg2 Ne5 8. Qd4 Re8 9. Nf3 c5 10. Qh4 Nd3+ 11. Kf1 Nxc1 12. Rxc1 d6 13. h3 Be6 14.
e3 d5 15. cxd5 Nxd5 16. Kg1 Nxc3 17. bxc3 Ba3 18. Rb1 Qd3 19. Kh2 Bd5 20. Rhd1 Qc2 21. Ne1 Qxf2 22. Rxd5 Qxe3 23. Qf4 Qxc3 24. Rxb7 Rf8 25.
Nf3 Bc1 26. Qg4 Rae8 27. Rdd7 Re2 28. Nh4 Qc2 29. Qf3 Rf2 30. Qb3 Qxa2 31. Qxa2 Rxa2 32.
Rxa7 Rb2 33. Nf5 g6 34. Nd6 c4 35. Nxf7 Kg7 36. Ne5+ Kf6 37. Nxc4 Rc2 38. Nd6 Be3 39.
Rf7+ Ke6 40. Rxf8 Bxa7 41. Ne4 Re2 42. Re8+ Kf7 43. Ng5+ Kf6 44. Rxe2 Kxg5 45. Ra2 Bb8 46. Ra4 h5 47. h4+ Kf6 48. Be4 Bc7 49. Ra6+ Ke5 50.
Bxg6 Kd4 51. Bxh5 Ke3 52. Bf3 Kf2 53. Rf6 Bxg3+ 54. Kh3 Be5 55. Rf5 Bd4 56. Bg4+ Ke3 57. h5 Ke4 58. h6 Bc3 59. h7 Bg7 60. Rf8 Ke5 61. h8=Q Bxh8 62. Rxh8 Kf6 63. Rf8+ 1-0

[Event "*** Titled Tuesday Blitz"]
[Site "Chess.com"]
[Date "2021.03.30"]
[Round "4"]
[White "sokidze"]
[Black "DanielNaroditsky"]
[Result "0-1"]
[WhiteElo "2792"]
[BlackElo "3039"]
[TimeControl "180+1"]
[EndTime "10:40:23 PDT"]
[Termination "DanielNaroditsky won by resignation"]

1. d4 Nf6 2. g3 g6 3. Bg2 Bg7 4. e4 d6 5. Nc3 O-O 6. Nge2 Nbd7 7. O-O e5 8. h3 c6 9. a4 a5 10.
Be3 exd4 11. Bxd4 Re8 12. g4 Ne5 13. f4 Nc4 14. b3 Nb6 15. Qd2 d5 16. e5 Nfd7 17. Ng3 Qe7 18. Rae1 Qb4 19. Nb1 Qxd2 20. Nxd2 Bf8 21. Nf3 Bc5 22. c3 Bf8 23. f5 Nc5 24. Ng5 h6 25. Nxf7 Kxf7 26. fxg6+ Kxg6 27. Rf6+ Kh7 28. Rxf8 Rxf8 29. Bxc5 Nd7 30. Bxf8 Nxf8 31. Nf5 Ne6 32. Nd6 Nc5 33. Rf1 Be6 34. Rf6 Bg8 35. Nf5 Kh8 36. Rxh6+ Bh7 37. g5 Rg8 38. h4 Rg6 39.
Rh5 Nd3 40. Ne7 Re6 41. g6 Rxe7 42. gxh7 Nxe5 43. Rf5 Kxh7 44. h5 Kh6 45. Bf1 Ng4 46. Rf4 Ne3 47. Rf8 Kxh5 48. Be2+ Kg5 49. Kf2 Nf5 50. Bd3 Nd6 51. Rg8+ Kf4 52. Rf8+ Rf7 53. Rd8 Ke5+ 54. Ke2 Rg7 55. Rh8 Rg2+ 56. Ke3 Rg3+ 57. Ke2 Nf7 58. Rh5+ Kd6 59. Rh7 Ne5 60. Rh6+ Kc5 61.
Bc2 Rxc3 62. Kd2 Rg3 63. Rh7 b6 64. Rh5 Nf3+ 65. Kc1 Nd4 66. Bd1 Nxb3+ 67. Kb2 Nd4 68. Rh4 b5 69. axb5 cxb5 70. Rf4 a4 71. Rf8 a3+ 72.
Kc1 Kb4 73. Rc8 Rc3+ 74. Rxc3 Kxc3 75. Bg4 b4 76. Be6 Nxe6 77. Kb1 b3 0-1

[Event "*** Titled Tuesday Blitz"]
[Site "Chess.com"]
[Date "2021.03.30"]
[Round "4"]
[White "Terao90"]
[Black "ChristopherYoo"]
[Result "0-1"]
[WhiteElo "2547"]
[BlackElo "2919"]
[TimeControl "180+1"]
[EndTime "10:40:23 PDT"]
[Termination "ChristopherYoo won on time"]

1. e4 c5 2. Nf3 e6 3. g3 Nc6 4.
Bg2 Nf6 5. Qe2 Be7 6. O-O d5 7. exd5 Nxd5 8. Rd1 Qb6 9. Na3 O-O 10. Nc4 Qa6 11.
d4 Nb6 12. Bf1 Nxc4 13. Qxc4 Qxc4 14. Bxc4 b6 15. Be3 cxd4 16. Nxd4 Bb7 17. Nxc6 Bxc6 18.
c3 b5 19. Be2 a5 20. Rd2 Rab8 21. Rad1 Rfc8 22. Bf4 Rb7 23. Bd6 Kf8 24. f4 Bd5 25. Bxe7+ Kxe7 26. a3 b4 27. Ba6 Rcc7 28. Bxb7 Rxb7 29.
cxb4 axb4 30. axb4 Rxb4 31. f5 h5 32. fxe6 Bxe6 33. Kf2 g5 34. Re1 Kf6 35. Re3 Kg6 36. Red3 h4 37. Rd4 hxg3+ 38. hxg3 Rb3 39. R4d3 Rb4 40. Rd4 Rb3 41. R4d3 Rb5 42. Rd4 Bb3 43. g4 Kf6 44. Ke3 Rb8 45. Rf2+ Kg7 46. Rf5 Kg6 47.
Rd6+ Be6 48. Rf2 Rb3+ 49. Kd4 Kg7 50. Ke5 Bxg4 51. Rg2 f5 52. Rd7+ Kg6 53. Rd6+ Kf7 54. Rc2 Re3+ 55. Kd4 Re4+ 56. Kd3 Re7 57. Rcc6 f4 58.
Rf6+ Ke8 59. Rg6 Bf5+ 60. Kd4 Bxg6 61. Rxg6 f3 62. Rxg5 f2 63. Rf5 Rf7 0-1

[Event "*** Titled Tuesday Blitz"]
[Site "Chess.com"]
[Date "2021.03.30"]
[Round "4"]
[White "McCarthyStone"]
[Black "tsaruk_maks"]
[Result "0-1"]
[WhiteElo "2422"]
[BlackElo "2619"]
[TimeControl "180+1"]
[EndTime "10:40:23 PDT"]
[Termination "tsaruk_maks won by resignation"]

1. Nf3 Nf6 2. c4 b6 3. g3 Bb7 4.
Bg2 g6 5. O-O Bg7 6. d4 O-O 7.
d5 c5 8. Nc3 d6 9. e4 a6 10. Re1 e5 11. dxe6 fxe6 12. Bf4 e5 13. Bg5 Nc6 14. Nd5 Nd4 15. Nxd4 cxd4 16. Qb3 Bxd5 17.
cxd5 Rc8 18. Qa4 a5 19. Rac1 Rc5 20. Rxc5 bxc5 21. Bd2 Ng4 22. f3 Ne3 23. Bxe3 dxe3 24. Rxe3 Qg5 25. Rc3 Qd2 26. Qc2 Qe1+ 27. Bf1 Bh6 28. Qe2 Qb1 29. a3 a4 30. Qc2 Qe1 31.
Qe2 Qa1 32. Kf2 Rb8 33. Rc2 Bc1 34. Qd1 Rxb2 35. Rxb2 Qxb2+ 36. Qe2 Qd4+ 37. Kg2 Bxa3 38. Qb5 Qb2+ 39. Kh3 Qxb5 40. Bxb5 c4 41. Bxa4 c3 42. Kg2 Kf7 43. Kf2 Ke7 44. Ke3 Bc1+ 45. Kd3 Bd2 46.
Kc4 Kf6 47. Kb5 h5 48. Kc6 Ke7 49. Kc7 Be3 50. h3 Bc5 51. Kc6 Bf2 52. g4 Bc5 53. gxh5 gxh5 54. Kb5 Kf6 55. Kc4 Kg5 56. Kxc3 Kf4 57.
Bb3 Kg3 58. Kd3 Kxh3 59. Ke2 Kg2 60. Ba4 h4 61. Bd7 h3 62. Bxh3+ Kxh3 63. f4 exf4 64. Kf3 Bd4 65. Kxf4 Be5+ 66. Ke3 Kg3 67. Ke2 Kf4 68. Kd3 Kf3 69. Kc4 Kxe4 0-1

[Event "*** Titled Tuesday Blitz"]
[Site "Chess.com"]
[Date "2021.03.30"]
[Round "4"]
[White "tjychess"]
[Black "Eltaj_Safarli"]
[Result "0-1"]
[WhiteElo "2692"]
[BlackElo "2867"]
[TimeControl "180+1"]
[EndTime "10:40:24 PDT"]
[Termination "Eltaj_Safarli won by resignation"]

1. d4 Nf6 2. c4 e6 3. Nf3 d5 4. Nc3 Be7 5. Bf4 O-O 6. e3 Nbd7 7. c5 Ne4 8. Nxe4 dxe4 9. Ne5 Bg5 10. Nxd7 Bxd7 11.
Bg3 Bh4 12. Bc4 Bc6 13. Qh5 Be7 14. O-O Qd7 15. Qe2 a5 16. b3 b5 17. cxb6 cxb6 18. a4 Rfc8 19. Rfc1 Bd5 20. h3 Bxc4 21. Rxc4 Rxc4 22.
bxc4 Rc8 23. Qc2 Qc6 24. Qb3 Qxc4 25. Qxb6 Bb4 26. Qb7 h6 27. Qxe4 Qc2 28. Qg4 Qb2 29. Rf1 Rc1 30. Rxc1 Qxc1+ 31. Kh2 Qc2 32. Be5 Bf8 33. d5 exd5 34. Qf4 Qc4 35. Bc7 Bb4 36. Qe5 Qc6 37. Bb8 Qxa4 38. Qxd5 Qe8 39. Be5 Qc8 40. Qd4 Bf8 41. Qa4 Bb4 42. f4 Qe6 43. Bd4 Qe4 44. Qd7 Qa8 45. Qa4 Kh7 46. Qb3 Qe8 47. Qc2+ Kg8 48. Qc4 Bf8 49. Bc3 a4 50. Qd4 a3 51. e4 Qb5 52. Ba1 Qc5 53. Qxc5 Bxc5 54. Kg3 g6 55. Kf3 Kf8 56. Ke2 f5 57. exf5 gxf5 58. g4 Kf7 59. gxf5 Be7 60. Kd3 Bf6 61.
Be5 Bxe5 62. fxe5 a2 0-1

[Event "*** Titled Tuesday Blitz"]
[Site "Chess.com"]
[Date "2021.03.30"]
[Round "4"]
[White "SaraciNderim"]
[Black "Horizonevent"]
[Result "1-0"]
[WhiteElo "2808"]
[BlackElo "2529"]
[TimeControl "180+1"]
[EndTime "10:40:25 PDT"]
[Termination "SaraciNderim won by resignation"]

1. d4 Nf6 2. Nf3 d5 3. c4 e6 4. Nc3 Nbd7 5. Bf4 dxc4 6. e3 Nb6 7. Be2 Nfd5 8. Bg3 Nxc3 9. bxc3 Bd7 10. Ne5 Ba4 11.
Qb1 Bd6 12. O-O Bxe5 13. Bxe5 O-O 14. Qb4 Bc6 15. Rfd1 a5 16. Qb2 Qd5 17. Bf3 Qd7 18. e4 f5 19. d5 exd5 20. exd5 Nxd5 21. Bxd5+ Bxd5 22. Qxb7 Rfd8 23. Qxc7 Qxc7 24. Bxc7 Rd7 25. Be5 Raa7 26. f3 Rab7 27. Rab1 Rxb1 28. Rxb1 Rb7 29.
Rd1 Be6 30. Rd2 Kf7 31. h4 Rd7 32. Rb2 a4 33. Rb4 Rd1+ 34. Kh2 Bd7 35. Rxc4 Rd2 36. a3 Ra2 37. Bd6 Ke6 38. Bb4 Bb5 39. Rc7 Bf1 40.
Rxg7 h5 41. Rg5 f4 42. Kg1 Ra1 43. Kh2 Ra2 44. c4 Bd3 45. c5 Kd7 46. Rxh5 Kc6 47.
Rg5 Bf1 48. h5 Bd3 49. h6 Bc2 50. Rh5 Bh7 51. Rh4 Kb5 52. Rxf4 Kc6 53. Rf6+ Kb5 54. Kg3 Ra1 55. Rf7 Bg6 56. Rb7+ Kc4 57. Rg7 Bd3 58. c6 Rh1 59. c7 Bf5 60. h7 Kb5 61. Bc3 Kc6 62.
Rf7 Bd7 63. h8=Q Rxh8 64. Bxh8 1-0

[Event "*** Titled Tuesday Blitz"]
[Site "Chess.com"]
[Date "2021.03.30"]
[Round "4"]
[White "szachuspl"]
[Black "dropstoneDP"]
[Result "0-1"]
[WhiteElo "2549"]
[BlackElo "2937"]
[TimeControl "180+1"]
[EndTime "10:40:26 PDT"]
[Termination "dropstoneDP won on time"]

1. d4 Nf6 2. c4 g6 3. Nc3 Bg7 4.
e4 d6 5. Nf3 O-O 6. Be2 e5 7.
Be3 Qe7 8. d5 Na6 9. Nd2 Nc5 10.
b4 Ncd7 11. O-O Ne8 12. f3 f5 13. Rc1 f4 14. Bf2 g5 15. c5 a6 16. Nc4 h5 17.
c6 bxc6 18. dxc6 Ndf6 19. a4 g4 20. Bh4 Qf7 21. Na5 Be6 22. Kh1 g3 23. Qd2 Kh7 24. Rcd1 Bh6 25. Nd5 Nxd5 26. exd5 Bf5 27. hxg3 fxg3 28.
Qc3 Bf4 29. Nc4 Ng7 30. b5 axb5 31. axb5 Ra2 32. Bd3 Qg6 33. b6 cxb6 34. c7 Rc8 35. Nxb6 Bxd3 36. Nxc8 Bxf1 37. Rxf1 Rc2 38. Qb4 Qd3 39.
Rg1 Rxc7 40. Nxd6 Rc2 41. Qe4+ Qxe4 42. Nxe4 Nf5 43. Bg5 Bxg5 44. Nxg5+ Kg6 45. Ne4 Rc7 46. Rd1 Rd7 47. Rd3 h4 48. Kg1 Nd4 49. Kf1 Rxd5 50.
Nd2 Rc5 51. Nb3 Nxb3 52. Rxb3 Rc1+ 53. Ke2 Rg1 54. Ke3 Rxg2 55. Rb4 Kg5 56. Rg4+ Kh5 57.
Re4 Rg1 58. Rxe5+ Kg6 59. Re6+ Kf7 60. Rh6 Re1+ 61. Kf4 g2 0-1

[Event "*** Titled Tuesday Blitz"]
[Site "Chess.com"]
[Date "2021.03.30"]
[Round "4"]
[White "Susal_De_Silva"]
[Black "slowdgehammer"]
[Result "1/2-1/2"]
[WhiteElo "2671"]
[BlackElo "2371"]
[TimeControl "180+1"]
[EndTime "10:40:26 PDT"]
[Termination "Game drawn by stalemate"]

1. e4 c5 2. Nf3 e6 3. d4 cxd4 4. Nxd4 Nf6 5. Nc3 Nc6 6. Be2 Bb4 7. O-O Bxc3 8. Nxc6 dxc6 9. Qxd8+ Kxd8 10. bxc3 Nxe4 11. Bd3 Nf6 12. c4 c5 13. a4 Ke7 14. a5 Bd7 15.
Be3 b6 16. Rfb1 Rhb8 17. f3 Bc6 18. axb6 axb6 19. Rxa8 Bxa8 20. Bxc5+ Ke8 21. Bxb6 Nd7 22. c5 Nxc5 23. Bb5+ Nd7 24. Ba5 Rc8 25. c4 Bc6 26. Be1 Ne5 27. Bf2 Bd7 28. c5 Bxb5 29. Rxb5 Nd3 30.
Be3 f5 31. g3 e5 32. Kf1 Kf7 33. Ke2 e4 34. fxe4 fxe4 35. Rb7+ Kg6 36. Bd4 Nxc5 37.
Rxg7+ Kh6 38. Rg4 Kh5 39. h3 Ne6 40. Be3 Rc2+ 41. Kf1 h6 42. Rxe4 Ng5 43. Re5 Kg6 44.
h4 Nf3 45. Re6+ Kf5 46. Rxh6 Kg4 47. Bf2 Nd2+ 48. Kg1 Nf3+ 49. Kg2 Ne1+ 50. Kf1 Nd3 51. Rf6 Nxf2 52. Rxf2 Rc1+ 53. Kg2 Rc3 54. Rf4+ Kh5 55. Kh3 Rd3 56. Rf5+ Kg6 57. Ra5 Kh6 58. h5 Rc3 59. Kh4 Rc4+ 60. g4 Rb4 61. Ra6+ Kg7 62. h6+ Kh7 63. Kh5 Rb5+ 64. g5 Rc5 65. Ra7+ Kh8 66.
h7 Rxg5+ 67. Kxg5 1/2-1/2

[Event "*** Titled Tuesday Blitz"]
[Site "Chess.com"]
[Date "2021.03.30"]
[Round "4"]
[White "Firouzja2003"]
[Black "TigrVShlyape"]
[Result "1-0"]
[WhiteElo "3098"]
[BlackElo "2797"]
[TimeControl "180+1"]
[EndTime "10:40:28 PDT"]
[Termination "Firouzja2003 won on time"]

1. d4 d5 2. Bg5 h6 3. Bh4 c6 4. e3 Qb6 5. b3 Bf5 6. Nf3 Nd7 7. Be2 e6 8. O-O Be7 9. Bxe7 Nxe7 10. c4 O-O 11. Nc3 a5 12. Qd2 Bg4 13. Rac1 Rfd8 14.
Rfd1 Bxf3 15. Bxf3 Nf6 16. Qe1 Qa7 17. h3 Nf5 18.
Be2 Nd6 19. Bd3 Rab8 20. a4 Re8 21. Qe2 Rbd8 22. Qf3 Nc8 23. Bb1 Ne7 24. Ne2 Qb6 25. Bc2 Qc7 26. Nf4 Qb8 27. Nd3 Nd7 28. Bb1 Ng6 29.
cxd5 exd5 30. Nc5 Ngf8 31. Qe2 Nxc5 32. Rxc5 Qa7 33. Qd2 Ra8 34. Bf5 Ne6 35. Rc3 Qb6 36.
Qc2 Qb4 37. h4 Nc7 38. g3 Re7 39. Qd2 Ne8 40. Bc2 Nf6 41. Rc5 Qb6 42. Rb1 Nd7 43.
Rc3 Qb4 44. Rd3 Qxd2 45. Rxd2 Nf6 46. Bd3 Ne8 47. Re2 Nd6 48. f3 f5 49. h5 Kf7 50.
Kf2 Ke6 51. Rg1 Rf8 52. g4 fxg4 53. Rxg4 Ref7 54. f4 Re7 55. Kf3 Kd7 56. Reg2 Ne8 57. Bg6 Nf6 58. Bf5+ Kd6 59. Rxg7 Nxh5 60. R2g6+ Nf6 61.
Rxe7 Kxe7 62. Rxh6 Rg8 63. Bg6 Rg7 64. f5 1-0

[Event "*** Titled Tuesday Blitz"]
[Site "Chess.com"]
[Date "2021.03.30"]
[Round "4"]
[White "Shuvalov"]
[Black "Jungle_Jaguar"]
[Result "1-0"]
[WhiteElo "2421"]
[BlackElo "2593"]
[TimeControl "180+1"]
[EndTime "10:40:30 PDT"]
[Termination "Shuvalov won by checkmate"]

1. Nf3 Nf6 2. c4 c6 3. g3 d5 4. Bg2 Bf5 5. cxd5 cxd5 6. Qb3 Qc7 7. Nc3 a6 8. Nxd5 Nxd5 9. Qxd5 e6 10. Qb3 Nd7 11. d4 Be7 12. Bf4 Qa5+ 13. Bd2 Qd8 14. O-O O-O 15. Rac1 Be4 16. Bf4 Bd5 17. Qd3 Qb6 18. b3 Ba3 19. Rc2 Nf6 20. Ne5 Rfd8 21. e4 Bxe4 22. Bxe4 Rxd4 23. Be3 Rxd3 24. Bxb6 Rd6 25.
Nc4 Nxe4 26. Nxd6 Bxd6 27. Rd1 Be7 28. Rd7 Bf6 29. Rdc7 Nd6 30. Rd7 Ne4 31. Rxb7 h5 32. Ra7 Rb8 33. Be3 h4 34. Kg2 g5 35. g4 Rb4 36.
Rxa6 Nc3 37. h3 Kg7 38. Bxg5 Nd5 39. Bxf6+ Nxf6 40. Rac6 Nd5 41. R6c4 Rb6 42. b4 e5 43. Rb2 Nf4+ 44. Kh2 Nd3 45. Rb3 Nxf2 46. b5 e4 47. Rc6 Rb8 48. b6 Nd3 49. b7 e3 50. Rxd3 Rxb7 51.
Rxe3 Rb2+ 52. Kg1 Rxa2 53. Rf3 Ra1+ 54. Kg2 Ra2+ 55. Rf2 Ra3 56. Rcf6 Rg3+ 57. Kh2 Re3 58. Rxf7+ Kg6 59. R7f3 Re6 60. Rf5 Re3 61. Rh5 Rg3 62.
Rxh4 Rc3 63. Rh5 Rc4 64. Rhf5 Rc6 65. h4 Rc4 66. h5+ Kh6 67. Kh3 Rc3+ 68. R2f3 Rc1 69.
Rf6+ Kg5 70. Rg6# 1-0

[Event "*** Titled Tuesday Blitz"]
[Site "Chess.com"]
[Date "2021.03.30"]
[Round "4"]
[White "Goryachkina"]
[Black "Omk124"]
[Result "1-0"]
[WhiteElo "2633"]
[BlackElo "2482"]
[TimeControl "180+1"]
[EndTime "10:40:32 PDT"]
[Termination "Goryachkina won by checkmate"]

1. e4 c5 2. Nf3 d6 3. Bb5+ Bd7 4. Bxd7+ Qxd7 5. c4 Nc6 6. Nc3 Nf6 7. O-O g6 8. d4 cxd4 9. Nxd4 Bg7 10. Nde2 O-O 11. Bg5 h6 12. Bxf6 Bxf6 13. Rc1 Rac8 14. b3 Bg7 15.
Qd2 Rfd8 16. Rfd1 Qe6 17. Qe3 Kh7 18. h3 h5 19. f4 f5 20. Qf3 Rf8 21. exf5 Rxf5 22.
Nd5 Rcf8 23. Qd3 Bh6 24. Re1 Qf7 25. Ng3 e6 26. Nxf5 gxf5 27. Nc3 Bxf4 28. Rcd1 Be5 29. Nb5 Rd8 30. Kh1 a6 31. Nc3 Rg8 32. Ne2 Qg6 33. Qf3 Qg5 34. a3 a5 35. Rd3 Rg7 36. Red1 Kh6 37.
Qe3 f4 38. Qf3 Qf5 39. R3d2 Rg6 40. b4 axb4 41. axb4 Nxb4 42. Qxb7 Qg5 43. Ng1 Bc3 44.
Rxd6 Nd5 45. g4 hxg4 46. cxd5 gxh3 47. dxe6 Be5 48. Rd7 Qg2+ 49. Qxg2 hxg2+ 50. Kh2 f3+ 51. Kh3 Rg3+ 52. Kh4 Rg8 53. e7 Kg6 54. Nxf3 Rh8+ 55. Kg4 Rg8 56. Nxe5+ Kf6+ 57. Kf3 Kxe5 58. Rd8 g1=Q 59.
Rxg1 Rxg1 60. e8=Q+ Kf5 61. Qf7+ Ke5 62. Re8+ Kd4 63. Qd7+ Kc3 64. Rc8+ Kb2 65. Qb7+ Ka1 66. Ra8# 1-0

[Event "*** Titled Tuesday Blitz"]
[Site "Chess.com"]
[Date "2021.03.30"]
[Round "4"]
[White "biveklama"]
[Black "PotapovaM"]
[Result "0-1"]
[WhiteElo "2319"]
[BlackElo "2496"]
[TimeControl "180+1"]
[EndTime "10:40:32 PDT"]
[Termination "PotapovaM won on time"]

1. e4 c5 2. Nf3 d6 3. Bb5+ Nd7 4.
O-O a6 5. Be2 Ngf6 6. d3 g6 7. c3 Bg7 8. Bf4 O-O 9. Qc1 b5 10. Bh6 Bb7 11. Bxg7 Kxg7 12. h3 e5 13. Nh2 d5 14. exd5 Nxd5 15. Bf3 Qc7 16. Bxd5 Bxd5 17.
Ng4 f5 18. Qh6+ Kg8 19. Ne3 Bb7 20. Nd2 Nf6 21. Rad1 Rfd8 22. Nb3 Rac8 23. f4 e4 24. d4 c4 25. Nc5 Qf7 26. Qh4 Rd6 27. Rde1 b4 28.
g4 fxg4 29. hxg4 Nd5 30. Nxd5 Bxd5 31. Nxe4 Bxe4 32. Rxe4 Rf6 33. Rfe1 g5 34. Qxg5+ Rg6 35. Qh4 Qd7 36. f5 Qxf5 37. Re8+ Rxe8 38. Rxe8+ Kg7 39.
Qe7+ Kh6 40. Qh4+ Kg7 41. Qe7+ Kh6 42. Qe3+ Qg5 43. Qxg5+ Kxg5 44. cxb4 Rd6 45. Re5+ Kxg4 46. d5 h5 47. Re4+ Kg3 48. Rxc4 Rxd5 49. Rc3+ Kg4 50. a4 Rd2 51. b3 Rd5 52. Rc5 Rd1+ 53. Kf2 Rd2+ 54. Ke3 Rb2 55. Rc3 h4 56. b5 axb5 57. axb5 h3 58. b6 h2 59. Rc4+ Kg3 0-1

[Event "*** Titled Tuesday Blitz"]
[Site "Chess.com"]
[Date "2021.03.30"]
[Round "4"]
[White "Fy_Rakotomaharo"]
[Black "frenchpin"]
[Result "1-0"]
[WhiteElo "2719"]
[BlackElo "2523"]
[TimeControl "180+1"]
[EndTime "10:40:36 PDT"]
[Termination "Fy_Rakotomaharo won by resignation"]

1. d4 e6 2. c4 Nf6 3. Nc3 Bb4 4. e3 O-O 5. Bd2 d5 6. Nf3 b6 7. cxd5 exd5 8. Rc1 Bb7 9. Bd3 c5 10. O-O Nc6 11.
Ne5 Re8 12. a3 Bxc3 13. Bxc3 Nxe5 14. dxe5 Ne4 15. Bxe4 dxe4 16. Qg4 Re6 17. Rfd1 Qe7 18. Rd6 Re8 19. Rcd1 Bc6 20. b4 h6 21. h4 Kh8 22.
bxc5 bxc5 23. Ba5 Kh7 24. h5 Qb7 25. Rxe6 Rxe6 26. Qf5+ Kg8 27. Rd8+ Re8 28. e6 Rxd8 29. Bxd8 Qb1+ 30. Kh2 Qb8+ 31. g3 Qxd8 32. Qxf7+ Kh8 33. e7 Qe8 34. Qf8+ Kh7 35. Qf5+ Kg8 36. Qxc5 Kh7 37. g4 Kh8 38. Qxa7 Bd7 39. Kg3 Qxe7 40. Kf4 Qf6+ 41. Kxe4 Bxg4 42. Qc5 Qe6+ 43. Kd4 Qf6+ 44. Kc4 Be2+ 45.
Kb4 Bd3 46. f4 Bf5 47. a4 Kh7 48. a5 Qb2+ 49. Kc4 Bc2 50. Kd5 Qb3+ 51. Kd6 Be4 52.
Kc7 Qd3 53. Qe5 Qc4+ 54. Kd6 Qb4+ 55. Kd7 Qc4 56. Ke7 Qa4 57. Kf8 Qb4+ 58. Kf7 Qc4+ 59.
Qe6 Qb4 60. Qe5 Qc4+ 61. Ke7 Bd5 62. Kf8 Qc5+ 63. Qe7 Qxe7+ 64. Kxe7 Bf3 65. f5 Bxh5 66. e4 Bf3 67. e5 h5 68. f6 h4 69. f7 h3 70.
f8=Q h2 71. Qxf3 1-0

[Event "*** Titled Tuesday Blitz"]
[Site "Chess.com"]
[Date "2021.03.30"]
[Round "4"]
[White "Lenyas66"]
[Black "Eternauta2400"]
[Result "0-1"]
[WhiteElo "2521"]
[BlackElo "2384"]
[TimeControl "180+1"]
[EndTime "10:40:36 PDT"]
[Termination "Eternauta2400 won on time"]

1. e4 e5 2. Nf3 Nc6 3. Bb5 a6 4. Ba4 Nf6 5. O-O Bc5 6. c3 b5 7. Bb3 d6 8. a4 Bg4 9. h3 Bxf3 10. Qxf3 Na5 11. Bc2 b4 12. Rd1 b3 13. Bd3 d5 14.
exd5 Qxd5 15. Qxd5 Nxd5 16. Be4 O-O-O 17. d4 exd4 18.
cxd4 Nb4 19. Be3 Nc2 20. Nd2 Bxd4 21. Bxd4 Rxd4 22. Bf5+ Kb8 23. Nxb3 Nxb3 24. Bxc2 Nxa1 25. Rxd4 Nxc2 26. Rc4 Na1 27. Kf1 Re8 28. Rc3 Kb7 29. f3 Kb6 30. b4 c6 31. Kf2 a5 32.
bxa5+ Kxa5 33. Rxc6 Re7 34. Rc4 Nb3 35. h4 h5 36. g4 hxg4 37. fxg4 Nd2 38. Rd4 Ne4+ 39. Kf3 Nc5 40. Rd5 Kb4 41. h5 Kc4 42. Rf5 f6 43. g5 fxg5 44. Rxg5 Ne6 45. Ra5 Rf7+ 46. Kg4 Rf4+ 47. Kg3 Re4 48. Ra6 Kb4 49. a5 Kb5 50.
Ra7 Kc6 51. a6 Kb6 52. Re7 Kxa6 53. h6 gxh6 54. Rh7 Nd4 55. Rxh6+ Kb5 56. Kf2 Kc4 57.
Rd6 Kd3 58. Rd7 Re2+ 59. Kg3 Re8 60. Kf4 Rf8+ 61. Ke5 Rf5+ 62. Kd6 Rf6+ 63. Ke5 Re6+ 64. Kd5 Ke3 65. Rh7 Re4 66. Rh3+ Nf3 67. Rg3 Rd4+ 68.
Kc5 Rd8 0-1